 Dungeon Crawl Stone Soup version 0.28.0-53-g5a82cb258f (webtiles) character file.

Game seed: 2056390837691975547

87 jlc4706 the Slasher (level 4, -1/35 HPs)
             Began as a Demonspawn Abyssal Knight on June 14, 2022.
             Was a Believer of Lugonu.
             Slain by a gnoll
             ... wielding a +0 club
              (7 damage)
             ... on level 2 of the Dungeon.
             The game lasted 00:03:06 (1677 turns).

jlc4706 the Slasher (Demonspawn Abyssal Knight)     Turns: 1677, Time: 00:03:06

Health: -1/35      AC:  3    Str: 15    XL:     4   Next: 28%
Magic:  5/5        EV: 11    Int: 12    God:    Lugonu [**....]
Gold:   56         SH:  0    Dex: 13    Spells: 3/3 levels left

rFire   . . .      SeeInvis .   a - +1 falchion
rCold   . . .      Faith    .   (no shield)
rNeg    . . .      Spirit   .   b - +0 leather armour
rPois   .          Reflect  .   (no helmet)
rElec   .          Harm     .   (no cloak)
rCorr   .          Rampage  .   (no gloves)
Will    .....                   (no boots)
Stlth   +.........              (no amulet)
HPRegen 0.11/turn               (no ring)
MPRegen 0.09/turn               (no ring)

@: no status effects
A: demonic magic 1
a: Renounce Religion, Depart the Abyss, Bend Space


You were on level 2 of the Dungeon.
You worshipped Lugonu.
Lugonu was pleased with you.
You visited 1 branch of the dungeon, and saw 2 of its levels.
You visited the Abyss 1 time.

You collected 56 gold pieces.

Inventory:

Hand Weapons
 a - a +1 falchion (weapon)
Armour
 b - a +0 leather armour (worn)
 e - a +0 ring mail
Scrolls
 c - a scroll of noise
 g - a scroll of identify
Potions
 f - a potion of might


   Skills:
 - Level 3.0 Fighting
 * Level 4.2 Long Blades
 - Level 1.7 Armour
 - Level 0.8 Dodging
 - Level 2.4 Invocations


You had 3 spell levels left.
You didn't know any spells.
Your spell library contained the following spells:

 Spells                   Type           Power      Damage    Failure   Level
 Sublimation of Blood     Necr           0%         N/A       52%         2
 Petrify                  Tmut/Erth      0%         N/A       99%         4
 Irradiate                Conj/Tmut      0%         3d13      100%        5


Dungeon Overview and Level Annotations

Branches:
Dungeon (2/15)

Altars:


Innate Abilities, Weirdness & Mutations

Spells you cast may paralyse adjacent enemies.


Message History

The gnoll is lightly wounded.
The gnoll barely misses you.
You hit the gnoll.
The gnoll is severely wounded.
The gnoll hits you with a +0 flail.
You hit the gnoll.
You kill the gnoll!
Lugonu accepts your kill.
The gnoll shouts!
You see here a +0 flail.
You closely miss the gnoll. The gnoll barely misses you.
You closely miss the gnoll. The gnoll closely misses you.
You closely miss the gnoll. The gnoll hits you with a +0 flail!
You hit the gnoll. You punch the gnoll, but do no damage.
The gnoll is moderately wounded.
A gnoll comes into view. It is wielding a +0 whip.
The gnoll hits you with a +0 flail!
The gnoll shouts!
You hit the gnoll.
The gnoll is almost dead.
You hit the gnoll.
The gnoll is moderately wounded.
You closely miss the gnoll.
The gnoll is moderately wounded.
The gnoll hits you with a +0 club.
You completely miss the gnoll.
The gnoll is moderately wounded.
The gnoll closely misses you. The gnoll hits you with a +0 club.
* * * LOW HITPOINT WARNING * * *
You hit the gnoll.
The gnoll is heavily wounded.
The gnoll hits you with a +0 club.
* * * LOW HITPOINT WARNING * * *
You hit the gnoll.
The gnoll is severely wounded.
The gnoll closely misses you.
As you read the scroll labelled BUPSIVYMIPP, it crumbles to dust.
It is a scroll of amnesia.
You feel forgetful for a moment. The gnoll hits you with a +0 club!
You die...

#.... ..##
#...# ...#
#...#
########...#
#...#
#..)J......#
#...#
#.#####.#?##
#g..#
#...###.#
#g# #†.#
#.......#
#.#
.........#
#.#
#.##......#
#.# #.
##+###.. #.#
.. #.# #.#


You could see 3 gnolls.

Vanquished Creatures
  Terence (D:2)
  2 adders (D:2)
  A gnoll (D:2)
  A dart slug (D:1)
  A ball python (D:2)
  7 endoplasms (D:1)
  3 giant cockroaches (D:1)
  2 goblins (D:1)
  4 hobgoblins
  2 quokkas
  A bat (D:1)
  A frilled lizard (D:1)
  4 kobolds
30 creatures vanquished.

Vanquished Creatures (others)
  A fungus (D:1)
1 creature vanquished.

Grand Total: 31 creatures vanquished

Notes
Turn   | Place    | Note
-------+----------+-------------------------------------------
     0 | Abyss:1  | jlc4706 the Demonspawn Abyssal Knight began the quest for
                  | the Orb.
     0 | Abyss:1  | Reached XP level 1. HP: 18/18 MP: 2/2
    12 | D:1      | Escaped the Abyss
    67 | D:1      | Reached skill level 2 in Long Blades
   172 | D:1      | Gained mutation: Spells you cast may paralyse adjacent
                  | enemies. [demonic ancestry]
   172 | D:1      | Reached XP level 2. HP: 24/24 MP: 3/3
   466 | D:1      | Reached skill level 3 in Long Blades
   863 | D:1      | Found a faded altar of an unknown god.
   986 | D:2      | Noticed Terence
   998 | D:2      | Reached ** piety under Lugonu
   999 | D:2      | Reached XP level 3. HP: 17/29 MP: 4/4
  1018 | D:2      | Killed Terence
  1053 | D:2      | Reached XP level 4. HP: 6/35 MP: 5/5
  1366 | D:2      | Reached skill level 4 in Long Blades
  1677 | D:2      | Slain by a gnoll

Illustrated notes

Levels and vault maps discovered:
D:1:      minmay_arrival_plants_in_alcoves, layout_loops_ring,
          shapermc_ecumenical_altar_hornbeckon
D:2:      layout_basic, uniq_terence, uniq_sigmund

Skill      XL: |  1  2  3  4 |
---------------+-------------+-----
Long Blades    | 2 3 4 |  4.2
Fighting       | |  3.0
Armour         | |  1.7
Dodging        | |  0.8
Invocations    | |  2.4

Action                   |  1- 3 |  4- 6 || total
-------------------------+-------+-------++-------
Melee: Falchion          |    93 |    28 ||   121
       Punch             |     1 |     1 ||     2
  Use: Potion            |     3 |       ||     3
       Scroll            |     1 |     2 ||     3
 Stab: Sleeping          |     1 |       ||     1
Armor: Leather armour    |    19 |     6 ||    25
       Skin              |    13 |       ||    13
Dodge: Dodged            |    36 |    12 ||    48
